 Dungeon Crawl Stone Soup version 0.19-a0-975-gfff5315 (webtiles) character file.

26 4thArraOfDagon the Digger (level 2, 0/24 HPs)
             Began as a Troll Earth Elementalist on July 13, 2016.
             Slain by Menkaure (24 damage)
             ... on level 5 of the Dungeon.
             The game lasted 00:02:35 (548 turns).

4thArraOfDagon the Digger (Troll Earth Elementalist) Turns: 548, Time: 00:02:35

Health: 0/24       AC:  5    Str: 12 (15) XL:     2   Next: 89%
Magic:  2/2        EV: 10    Int:  8 (11) God:
Gold:   69         SH:  0    Dex:  9 (10) Spells: 1 memorised, 2 levels left

rFire  . . .     SeeInvis .       - Unarmed
rCold  . . .     Gourm    +     c - +0 robe
rNeg   . . .     Faith    .     (no shield)
rPois  .         Spirit   .     (helmet restricted)
rElec  .         Dismiss  .     (no cloak)
rCorr  .         Reflect  .     (gloves unavailable)
SustAt .         Harm     .     (boots unavailable)
MR     .....                    (no amulet)
Stlth  +.........               (no ring)
                                (no ring)

@: not resistant to hostile enchantments, very unstealthy
A: unfitting armour, claws 3, fast metabolism 3, gourmand, regeneration 2,
shaggy fur 1, tough skin 2
a: no special abilities


You were on level 5 of the Dungeon.
You were full.

You visited 1 branch of the dungeon, and saw 5 of its levels.

You collected 69 gold pieces.

Inventory:

Missiles
 a - 7 javelins
 b - 20 stones (quivered)
Armour
 c - a +0 robe (worn)
Potions
 g - 2 potions of heal wounds
Books
 e - a book of Geomancy

   Spells                             Type                      Level
   a - Sandblast                      Earth                        1
   b - Passwall                       Transmutation/Earth          2
   c - Stone Arrow                    Conjuration/Earth            3
   d - Petrify                        Transmutation/Earth          4
   e - Lee's Rapid Deconstruction     Earth                        5
Comestibles
 d - 2 bread rations
 h - a meat ration


   Skills:
 - Level 1.5 Dodging
 - Level 1.1 Stealth
 * Level 2.6 Unarmed Combat
 - Level 1.2 Spellcasting
   Level 0.6 Transmutations
 - Level 2.6 Earth Magic


You had 2 spell levels left.
You knew the following spells:

 Your Spells              Type           Power        Failure   Level  Hunger
a - Sandblast             Erth           #.....       14%         1    ##.....


Dungeon Overview and Level Annotations

Branches:
Dungeon (5/15)
 Temple: D:4-7

Altars:
Ashenzari
Sif Muna
Zin

Annotations:
D:5 Menkaure


Innate Abilities, Weirdness & Mutations

You are too large for most types of armour.
You have claws for hands.
Your metabolism is lightning-fast.
You like to eat raw meat.
You heal very quickly.
You are covered in fur. (AC +1)
You have very tough skin. (AC +2)


Message History

No target in view!
There is an escape hatch in the floor here.
You slide downwards.
The hatch slams shut behind you.
Unknown command.
Menkaure, Prince of Dust comes into view.
Menkaure shouts!
Menkaure moves out of view.
Okay, then.
As you read the scroll labeled OLIOMA DUSHOIV, it crumbles to dust.
You feel blessed for a moment.
It was a scroll of remove curse.
It was a potion of heal wounds.
You feel much better.
A giant cockroach comes into view.
You closely miss Menkaure.
Menkaure says, "Why can't you leave me to my rest?"
Menkaure misses you.
You claw Menkaure!
Menkaure is moderately damaged.
Menkaure hits you!!
Ouch! That really hurt!
You die...

#.# #.# #.# #.#
#.#
..s####.###.###
......M........
#@# #.# #.# #.#
#.########
#........#
#######.## #.#
#.#


You could see Menkaure and a giant cockroach.

Vanquished Creatures
  A dart slug (D:1)
  A ball python (D:4)
  4 hobgoblins
  7 jackals
  2 bats (D:1)
  2 giant newts
  A goblin (D:1)
  3 kobolds (D:1)
  A rat (D:1)
22 creatures vanquished.

Notes
Turn   | Place    | Note
-------+----------+-------------------------------------------
     0 | D:1      | 4thArraOfDagon the Troll Earth Elementalist began the quest for the Orb.
     0 | D:1      | Reached XP level 1. HP: 16/16 MP: 1/1
    84 | D:1      | Reached skill level 1 in Unarmed Combat
   159 | D:1      | Reached XP level 2. HP: 24/24 MP: 2/2
   237 | D:1      | You fall through a shaft!
   259 | D:3      | Found a glowing silver altar of Zin.
   259 | D:3      | Found a deep blue altar of Sif Muna.
   260 | D:3      | Found a shattered altar of Ashenzari.
   308 | D:5      | Entered Level 5 of the Dungeon
   396 | D:5      | Noticed a crimson imp
   539 | D:5      | Noticed Menkaure
   548 | D:5      | Slain by Menkaure

Vault maps used:
D:1:      mainiacjoe_arrival_reflecting_pool, minmay_surrounded
D:3:      gammafunk_temple_overflow_forgotten
D:4:      regret_index_temple_of_mockery, bloody_trog, okawaru_trees_1,
          first_bread, nrook_loot_triangle, grunt_gozag_statues, uniq_sigmund
D:5:      kennysheep_mini_moat, uniq_menkaure

Skill      XL: |  1  2 |
---------------+-------+-----
Unarmed Combat | 1 2 |  2.6
Dodging        | |  1.5
Stealth        | |  1.1
Spellcasting   | |  1.2
Transmutations | |  0.6
Earth Magic    | |  2.6

Action                   || total
-------------------------++-------
Melee: Unarmed           ||    64
       Punch             ||     1
  Use: Potion            ||     3
       Scroll            ||     1
  Eat: Chunk             ||     7
Armor: Robe              ||    28
Dodge: Dodged            ||    23
